AAA
NEWARK BEARS @ LOUISVILLE BATS
04/23/2052
 
TOP OF THE 1ST
Pawtucket Red Sox batting - Pitching for Charlotte Knights : RHP Jordan Borroto
Pitching: RHP Jordan Borroto
Batting: SHB A.J. Gianini 0-0: Ball
1-0: Foul Ball, location: 2F
1-1: Ground out 6-3 (Groundball, 6, EV 100.6 MPH)
Batting: LHB Gage Moyer 0-0: Ball
1-0: Ball
2-0: Ball
3-0: Called Strike
3-1: Swinging Strike
3-2: Base on Balls
Batting: RHB Cláudio Castanon 0-0: Ball
1-0: Swinging Strike
1-1: Ball
2-1: Foul Ball, location: 2F
2-2: Ball
3-2: Foul Ball, location: 2F
3-2: Base on Balls
Gage Moyer to second
Batting: LHB Andy Dyck 0-0: Called Strike
0-1: Foul Ball, location: 2F
0-2: Foul Ball, location: 2F
0-2: Ball
1-2: Fielders Choice at 2nd, 4-6 (Groundball, 4, EV 85.6 MPH)
Gage Moyer to third
Batting: RHB John Scott 0-0: Called Strike
0-1: Ball
Andy Dyck steals 2nd base
1-1: Called Strike
1-2: Ball
2-2: DOUBLE (Flyball, 8RXD, EV 105.0 MPH)
Gage Moyer scores
Andy Dyck scores
Batting: RHB Drake Schertzer 0-0: Ball
1-0: Ball
2-0: Foul Ball, location: 2F
2-1: Fly out, F9 (Flyball, 9LS, EV 87.5 MPH)
Top of the 1st over - 2 runs, 1 hit, 0 errors, 1 left on base; Pawtucket 2 - Charlotte 0
BOTTOM OF THE 1ST
Charlotte Knights batting - Pitching for Pawtucket Red Sox : LHP Kylen Pillion
Pitching: LHP Kylen Pillion
Batting: RHB Devin Davenport 0-0: Ball
1-0: Called Strike
1-1: Ball
2-1: Ball
3-1: Base on Balls
Batting: RHB Jon Lloyd Pickoff Throw to First - Error! E1
Devin Davenport to second
0-0: Foul Ball, location: 2F
0-1: Swinging Strike
0-2: Strikes out swinging
Batting: RHB Germain Ulleri 0-0: Foul Ball, location: 2F
0-1: Ball
1-1: Swinging Strike
1-2: Fly out, F8 (Flyball, 8LD, EV 84.4 MPH)
Batting: RHB Mike Cooper 0-0: SINGLE (Line Drive, 34D, EV 106.2 MPH)
Devin Davenport to third
Runner from 3rd tries for Home, SAFE, throw by RF to home
Batting: RHB Blake Sanderson 0-0: Foul Ball, location: 2F
0-1: Foul Ball, location: 2F
0-2: Foul Ball, location: 2F
0-2: Ball
1-2: SINGLE (Groundball, 34, EV 108.8 MPH)
Mike Cooper to second
Runner from 2nd tries for 3rd, SAFE, throw by RF made to third
Batting: RHB Travis Banning 0-0: SINGLE (Line Drive, 8LS, EV 110.0 MPH)
Mike Cooper scores
Blake Sanderson to second
Batting: LHB Angelo Fernandez 0-0: Ball
1-0: Called Strike
1-1: Ball
2-1: Called Strike
2-2: Foul Ball, location: 2F
2-2: SINGLE (Line Drive, 7S, EV 105.0 MPH)
Blake Sanderson to third
Travis Banning to second
Batting: LHB Ray Berger 0-0: Ground out U3 (Groundball, 3, EV 83.8 MPH)
Bottom of the 1st over - 2 runs, 4 hits, 1 error, 3 left on base; Pawtucket 2 - Charlotte 2
TOP OF THE 2ND
Pawtucket Red Sox batting - Pitching for Charlotte Knights : RHP Jordan Borroto
Batting: LHB Bill Wolff 0-0: Called Strike
0-1: Foul Ball, location: 2F
0-2: Ball
1-2: Foul Ball, location: 2F
1-2: Foul Ball, location: 2F
1-2: Fly out, F8 (Flyball, 89D, EV 103.1 MPH)
Batting: RHB Mark Makar 0-0: Foul Ball, location: 2F
0-1: Fly out, F4 (Flyball, 34D, EV 91.2 MPH)
Batting: RHB Chris Gardner 0-0: Ball
1-0: SINGLE (Line Drive, 5D, EV 100.0 MPH)
Batting: SHB A.J. Gianini 0-0: Called Strike
0-1: SINGLE (Line Drive, 34D, EV 103.8 MPH)
Chris Gardner to second
Batting: LHB Gage Moyer 0-0: Called Strike
0-1: Ball
1-1: Ball
2-1: Ball
3-1: Base on Balls
Chris Gardner to third
A.J. Gianini to second
Batting: RHB Cláudio Castanon 0-0: Ball
1-0: Fly out, F8 (Flyball, 89D, EV 95.6 MPH)
Top of the 2nd over - 0 runs, 2 hits, 0 errors, 3 left on base; Pawtucket 2 - Charlotte 2
BOTTOM OF THE 2ND
Charlotte Knights batting - Pitching for Pawtucket Red Sox : LHP Kylen Pillion
Batting: RHB Willie Abrego 0-0: Ball
1-0: Called Strike
1-1: Foul Ball, location: 2F
1-2: Ball
2-2: Strikes out looking
Batting: RHB Devin Davenport 0-0: Called Strike
0-1: Ball
1-1: Ball
2-1: Foul Ball, location: 2F
2-2: Ball
3-2: Strikes out swinging
Batting: RHB Jon Lloyd 0-0: Ball
1-0: Ball
2-0: Called Strike
2-1: Called Strike
2-2: Strikes out looking
Bottom of the 2nd over - 0 runs, 0 hits, 0 errors, 0 left on base; Pawtucket 2 - Charlotte 2
TOP OF THE 3RD
Pawtucket Red Sox batting - Pitching for Charlotte Knights : RHP Jordan Borroto
Batting: LHB Andy Dyck 0-0: SINGLE (Groundball, 34S, EV 68.1 MPH) (infield hit)
Batting: RHB John Scott 0-0: Ball
1-0: Called Strike
1-1: Fly out, F9 (Flyball, 89D, EV 90.6 MPH)
Batting: RHB Drake Schertzer 0-0: Ball
1-0: Foul Ball, location: 2F
1-1: Ball
2-1: Ground out 4-3 (Groundball, 34, EV 104.4 MPH)
Andy Dyck to second
Batting: LHB Bill Wolff 0-0: Foul Ball, location: 2F
0-1: Ball
1-1: Ground out 6-3 (Groundball, 6, EV 88.1 MPH)
Top of the 3rd over - 0 runs, 1 hit, 0 errors, 1 left on base; Pawtucket 2 - Charlotte 2
BOTTOM OF THE 3RD
Charlotte Knights batting - Pitching for Pawtucket Red Sox : LHP Kylen Pillion
Batting: RHB Germain Ulleri 0-0: Called Strike
0-1: Ball
1-1: Ball
2-1: Ball
3-1: SINGLE (Groundball, 6MD, EV 104.4 MPH)
Batting: RHB Mike Cooper 0-0: Ball
1-0: Fielders Choice at 2nd, 3-6 (Groundball, 3S, EV 79.4 MPH)
Batting: RHB Blake Sanderson 0-0: Ball
1-0: Ball
2-0: Ball
3-0: Called Strike
3-1: Swinging Strike
3-2: Strikes out swinging
Batting: RHB Travis Banning 0-0: Ball
1-0: Ball
2-0: Called Strike
2-1: Foul Ball, location: 2F
2-2: Fly out, F4 (Flyball, 34D, EV 90.0 MPH)
Bottom of the 3rd over - 0 runs, 1 hit, 0 errors, 1 left on base; Pawtucket 2 - Charlotte 2
TOP OF THE 4TH
Pawtucket Red Sox batting - Pitching for Charlotte Knights : RHP Jordan Borroto
Batting: RHB Mark Makar 0-0: Called Strike
0-1: Ball
1-1: Swinging Strike
1-2: Fly out, F8 (Flyball, 8RD, EV 83.8 MPH)
Batting: RHB Chris Gardner 0-0: SINGLE (Groundball, 4, EV 96.2 MPH)
Batting: SHB A.J. Gianini 0-0: Called Strike
0-1: SINGLE (Groundball, 4MD, EV 104.4 MPH)
Chris Gardner to second
Runner from 2nd tries for 3rd, SAFE, throw by CF made to third
A.J. Gianini to second
Batting: LHB Gage Moyer 0-0: Ball
1-0: Ball
2-0: Ball
3-0: Called Strike
3-1: Foul Ball, location: 2F
3-2: Base on Balls
Batting: RHB Cláudio Castanon 0-0: Ball
1-0: Ball
2-0: Called Strike
2-1: Ball
3-1: Base on Balls
Chris Gardner scores
A.J. Gianini to third
Gage Moyer to second
Batting: LHB Andy Dyck 0-0: Ball
1-0: DOUBLE (Line Drive, 9LS, EV 92.5 MPH)
A.J. Gianini scores
Gage Moyer scores
Cláudio Castanon to third
Runner from 3rd tries for Home, SAFE, throw by RF to trailing runner, OUT at third! 9-3-5
Pitching: RHP Jonathan Enriquez
Batting: RHB John Scott 0-0: Ball
1-0: SOLO HOME RUN (Flyball, 7D, EV 100.0 MPH), Distance : 378 ft
Batting: RHB Drake Schertzer 0-0: Called Strike
0-1: Ball
1-1: Swinging Strike
1-2: Ball
2-2: Ball
3-2: Ground out 6-3 (Groundball, 6, EV 84.4 MPH)
Top of the 4th over - 5 runs, 4 hits, 0 errors, 0 left on base; Pawtucket 7 - Charlotte 2
BOTTOM OF THE 4TH
Charlotte Knights batting - Pitching for Pawtucket Red Sox : LHP Kylen Pillion
Batting: LHB Angelo Fernandez 0-0: Ball
1-0: Foul Ball, location: 2F
1-1: Ball
2-1: Foul Ball, location: 2F
2-2: Ball
3-2: Fly out, F7 (Flyball, 78XD, EV 86.9 MPH)
Batting: LHB Ray Berger 0-0: Fly out, F5 (Popup, 5S, EV 75.6 MPH)
Batting: RHB Willie Abrego 0-0: Called Strike
0-1: Called Strike
0-2: Ball
1-2: Fly out, F7 (Flyball, 7S, EV 95.6 MPH)
Bottom of the 4th over - 0 runs, 0 hits, 0 errors, 0 left on base; Pawtucket 7 - Charlotte 2
TOP OF THE 5TH
Pawtucket Red Sox batting - Pitching for Charlotte Knights : RHP Jonathan Enriquez
Batting: LHB Bill Wolff 0-0: Called Strike
0-1: Ground out 5-3 (Groundball, 5, EV 83.8 MPH)
Batting: RHB Mark Makar 0-0: Ball
1-0: SINGLE (Groundball, 56S, EV 75.6 MPH) (infield hit)
Batting: RHB Chris Gardner 0-0: Ground out 4-3 (Groundball, 34, EV 100.6 MPH)
Mark Makar to second
Batting: SHB A.J. Gianini 0-0: Ball
1-0: Called Strike
1-1: Called Strike
1-2: Ball
Wild Pitch!
Mark Makar to third
2-2: Strikes out swinging
Top of the 5th over - 0 runs, 1 hit, 0 errors, 1 left on base; Pawtucket 7 - Charlotte 2
BOTTOM OF THE 5TH
Charlotte Knights batting - Pitching for Pawtucket Red Sox : LHP Kylen Pillion
Batting: RHB Devin Davenport 0-0: Ball
1-0: Ball
2-0: Swinging Strike
2-1: Swinging Strike
2-2: Ball
3-2: Strikes out swinging
Batting: RHB Jon Lloyd 0-0: Called Strike
0-1: Foul Ball, location: 2F
0-2: Ball
1-2: Strikes out swinging
Batting: RHB Germain Ulleri 0-0: Ball
1-0: Called Strike
1-1: Ball
2-1: Ball
3-1: Base on Balls
Batting: RHB Mike Cooper 0-0: Called Strike
0-1: Called Strike
0-2: Fly out, F4 (Flyball, 34D, EV 95.0 MPH)
Bottom of the 5th over - 0 runs, 0 hits, 0 errors, 1 left on base; Pawtucket 7 - Charlotte 2
TOP OF THE 6TH
Pawtucket Red Sox batting - Pitching for Charlotte Knights : RHP Jonathan Enriquez
Batting: LHB Gage Moyer 0-0: Foul Ball, location: 2F
0-1: Fly out, F3 (Popup, 3SF, EV 80.6 MPH)
Batting: RHB Cláudio Castanon 0-0: Fly out, F3 (Popup, 34, EV 75.0 MPH)
Batting: LHB Andy Dyck 0-0: Called Strike
0-1: Reached on error, E5 (Line Drive, 6, EV 70.0 MPH)
Batting: RHB John Scott Pickoff Throw to First - Out! 1-3
Top of the 6th over - 0 runs, 0 hits, 1 error, 0 left on base; Pawtucket 7 - Charlotte 2
BOTTOM OF THE 6TH
Charlotte Knights batting - Pitching for Pawtucket Red Sox : LHP Kylen Pillion
Batting: RHB Blake Sanderson 0-0: Fly out, F9 (Flyball, 9, EV 85.6 MPH)
Batting: RHB Travis Banning 0-0: Ball
1-0: Foul Ball, location: 2F
1-1: Fly out, F8 (Flyball, 78D, EV 106.2 MPH)
Batting: LHB Angelo Fernandez 0-0: Called Strike
0-1: Foul Ball, location: 2F
0-2: Ball
1-2: Ball
2-2: Foul Ball, location: 2F
2-2: Ball
3-2: Fly out, F5 (Popup, 5F, EV 75.6 MPH)
Bottom of the 6th over - 0 runs, 0 hits, 0 errors, 0 left on base; Pawtucket 7 - Charlotte 2
TOP OF THE 7TH
Pawtucket Red Sox batting - Pitching for Charlotte Knights : RHP Jonathan Enriquez
Batting: RHB John Scott 0-0: Fly out, F8 (Flyball, 8LS, EV 95.0 MPH)
Batting: RHB Drake Schertzer 0-0: Called Strike
0-1: Ball
1-1: Swinging Strike
1-2: Ball
2-2: Foul Ball, location: 2F
2-2: Ball
3-2: Base on Balls
Batting: LHB Bill Wolff 0-0: Fly out, F7 (Flyball, 7S, EV 91.2 MPH)
Batting: RHB Mark Makar 0-0: Called Strike
0-1: Ball
1-1: Foul Ball, location: 2F
1-2: Ball
2-2: Ball
3-2: SINGLE (Groundball, 6MD, EV 101.9 MPH)
Drake Schertzer to second
Drake Schertzer to third
Batting: RHB Chris Gardner 0-0: Called Strike
0-1: Foul Ball, location: 2F
0-2: Foul Ball, location: 2F
0-2: Ball
1-2: Ball
2-2: Ground out U3 (Groundball, 34, EV 103.8 MPH)
Top of the 7th over - 0 runs, 1 hit, 0 errors, 2 left on base; Pawtucket 7 - Charlotte 2
BOTTOM OF THE 7TH
Charlotte Knights batting - Pitching for Pawtucket Red Sox : LHP Kylen Pillion
Batting: LHB Ray Berger 0-0: Ball
1-0: Ball
2-0: Foul Ball, location: 2F
2-1: SINGLE (Line Drive, 9LM, EV 87.5 MPH)
Batting: RHB Willie Abrego 0-0: Ball
1-0: Called Strike
1-1: Foul Ball, location: 2F
1-2: Foul Ball, location: 2F
1-2: Foul Ball, location: 2F
1-2: Fly out, F7 (Flyball, 78S, EV 83.8 MPH)
Pitching: RHP Liam Newhouse
Batting: RHB Devin Davenport 0-0: Ball
1-0: Foul Ball, location: 2F
1-1: Swinging Strike
1-2: Foul Ball, location: 2F
1-2: Ball
2-2: Ball
3-2: Foul Ball, location: 2F
3-2: Foul Ball, location: 2F
3-2: 2-RUN HOME RUN (Flyball, 7D, EV 103.8 MPH), Distance : 397 ft
Batting: RHB Jon Lloyd 0-0: Foul Ball, location: 2F
0-1: Ball
1-1: Swinging Strike
1-2: Ball
2-2: Fly out, F9 (Flyball, 89S, EV 86.9 MPH)
Batting: RHB Germain Ulleri 0-0: Ball
1-0: SINGLE (Line Drive, 78S, EV 94.4 MPH)
Batting: RHB Mike Cooper 0-0: Ball
Wild Pitch!
Germain Ulleri to second
1-0: SINGLE (Groundball, 56D, EV 95.6 MPH)
Germain Ulleri to third
Runner from 3rd tries for Home, SAFE, throw by LF to home
Mike Cooper to second
Batting: RHB Blake Sanderson 0-0: Fly out, F9 (Flyball, 9S, EV 90.0 MPH)
Bottom of the 7th over - 3 runs, 4 hits, 0 errors, 1 left on base; Pawtucket 7 - Charlotte 5
TOP OF THE 8TH
Pawtucket Red Sox batting - Pitching for Charlotte Knights : RHP Jonathan Enriquez
Batting: SHB A.J. Gianini 0-0: Called Strike
0-1: Ground out 4-3 (Groundball, 4M, EV 100.0 MPH)
Batting: LHB Gage Moyer 0-0: Swinging Strike
0-1: Foul Ball, location: 2F
0-2: Ball
1-2: Ball
2-2: Ball
3-2: Foul Ball, location: 2F
3-2: Ground out 1-3 (Groundball, 13S, EV 60.6 MPH)
Pitching: RHP Scott Alexander
Batting: RHB Cláudio Castanon 0-0: Called Strike
0-1: Ball
1-1: Ball
2-1: Called Strike
2-2: Foul Ball, location: 2F
2-2: Ground out 4-3 (Groundball, 4, EV 85.0 MPH)
Top of the 8th over - 0 runs, 0 hits, 0 errors, 0 left on base; Pawtucket 7 - Charlotte 5
BOTTOM OF THE 8TH
Charlotte Knights batting - Pitching for Pawtucket Red Sox : RHP Liam Newhouse
Batting: RHB Travis Banning 0-0: Ball
1-0: Ground out 5-3 (Groundball, 56, EV 86.9 MPH)
Batting: LHB Angelo Fernandez 0-0: Foul Ball, location: 2F
0-1: Ball
1-1: Foul Ball, location: 2F
1-2: Ball
2-2: SINGLE (Groundball, 34, EV 103.8 MPH)
Batting: LHB Ray Berger 0-0: Fly out, F9 (Line Drive, 89M, EV 89.4 MPH)
Batting: RHB Willie Abrego 0-0: Called Strike
0-1: Ball
1-1: Called Strike
1-2: Fielders Choice at 2nd, 6-4 (Groundball, 6, EV 91.2 MPH)
Bottom of the 8th over - 0 runs, 1 hit, 0 errors, 1 left on base; Pawtucket 7 - Charlotte 5
TOP OF THE 9TH
Pawtucket Red Sox batting - Pitching for Charlotte Knights : RHP Scott Alexander
Pitching: RHP Tony Coto
Batting: LHB Andy Dyck 0-0: Called Strike
0-1: Called Strike
0-2: Fly out, F8 (Flyball, 8RM, EV 81.2 MPH)
Batting: RHB John Scott 0-0: SINGLE (Groundball, 5S, EV 62.5 MPH) (infield hit)
Batting: RHB Drake Schertzer 0-0: Ball
1-0: Foul Ball, location: 2F
1-1: Foul Ball, location: 2F
1-2: Foul Ball, location: 2F
1-2: Ball
2-2: Strikes out looking
Batting: LHB Bill Wolff 0-0: Foul Ball, location: 2F
0-1: SINGLE (Groundball, 4, EV 100.0 MPH)
John Scott to second
Runner from 2nd tries for 3rd, SAFE, throw by RF made to third
Batting: RHB Mark Makar 0-0: Ball
1-0: Called Strike
1-1: Swinging Strike
1-2: Ball
2-2: Ball
3-2: Fly out, F9 (Flyball, 89D, EV 100.6 MPH)
Top of the 9th over - 0 runs, 2 hits, 0 errors, 2 left on base; Pawtucket 7 - Charlotte 5
BOTTOM OF THE 9TH
Charlotte Knights batting - Pitching for Pawtucket Red Sox : RHP Liam Newhouse
Pitching: RHP Bob Fernandez
Batting: RHB Devin Davenport 0-0: Called Strike
0-1: Ground out 4-3 (Groundball, 4, EV 81.9 MPH)
Pinch Hitting: SHB Lorenzo Figueroa 0-0: Ball
1-0: Foul Ball, location: 2F
1-1: Ball
2-1: Ball
3-1: Swinging Strike
3-2: SINGLE (Line Drive, 7S, EV 93.8 MPH)
Batting: RHB Germain Ulleri 0-0: Called Strike
0-1: Swinging Strike
0-2: Ball
1-2: Strikes out swinging
Batting: RHB Mike Cooper 0-0: Called Strike
0-1: Called Strike
0-2: Ball
1-2: Ball
2-2: Fielders Choice at 2nd, 6-4 (Groundball, 6, EV 95.6 MPH)
Bottom of the 9th over - 0 runs, 1 hit, 0 errors, 1 left on base; Pawtucket 7 - Charlotte 5
Thursday, April 18th , 2024 - OOTP Baseball 24.11 Build 85